 Seeded DCSS version 0.27-a0-1177-g245c70e1c0 (webtiles) character file.

Game seed: 20210517 (custom seed)

7633 Snicker the Slicer (level 10, -8/74 HPs)
             Began as a Demonspawn Brigand on May 17, 2021.
             Killed by the air
             ... invoked by Gastronok
              (25 damage)
             ... on level 9 of the Dungeon.
             The game lasted 00:50:16 (10158 turns).

Snicker the Slicer (Demonspawn Brigand)            Turns: 10158, Time: 00:50:17

Health: -8/74      AC: 18    Str: 12    XL:     10   Next: 98%
Magic:  10/10      EV: 13    Int: 13    God:
Gold:   462        SH:  4    Dex: 17    Spells: 9/9 levels left

rFire    . . .     SeeInvis .   a - +2 short sword (drain)
rCold    . . .     Faith    .   (no shield)
rNeg     + . .     Spirit   .   L - +0 acid dragon scales
rPois    .         Reflect  .   (helmet restricted)
rElec    .         Harm     .   c - +0 cloak
rCorr    +         Rampage  .   k - +2 pair of gloves
Will     .....                  o - +0 pair of boots
Stlth    ++++......             y - amulet of the acrobat
HPRegen  0.22/turn              u - ring of positive energy
MPRegen  0.24/turn              D - ring of wizardry

@: sanguine armoured, slowed, very slow
A: antennae 2, magic regeneration, sanguine armour 1, condensation shield
a: no special abilities


You were on level 9 of the Dungeon.
You visited 1 branch of the dungeon, and saw 9 of its levels.

You collected 462 gold pieces.

Inventory:

Hand Weapons
 a - a +2 short sword of draining (weapon)
 q - a +2 dagger
Missiles
 d - 71 poisoned darts
 e - a curare-tipped dart (quivered)
 E - 10 boomerangs
Armour
 b - a +0 robe
 c - a +0 cloak (worn)
 k - a +2 pair of gloves (worn)
 o - a +0 pair of boots (worn)
 t - a +0 scale mail
 z - a +3 leather armour of cold resistance
 C - a +2 scale mail of fire resistance
 L - +0 acid dragon scales (worn)
Jewellery
 u - a ring of positive energy (left hand)
 y - an amulet of the acrobat (around neck)
 D - a ring of wizardry (right hand)
Wands
 p - a wand of flame (14)
 r - a wand of charming (8)
 B - a wand of paralysis (8)
 G - a wand of digging (10)
Scrolls
 f - 3 scrolls of enchant armour {unknown}
 g - a scroll of fog {unknown}
 h - 2 scrolls of teleportation
 i - 2 scrolls of noise {unknown}
 l - a scroll of immolation {unknown}
 m - 8 scrolls of identify {unknown}
 n - 2 scrolls of amnesia {unknown}
 v - a scroll of acquirement {unknown}
 x - 2 scrolls of fear {unknown}
 A - a scroll of magic mapping
 F - a scroll of brand weapon {unknown}
 H - a scroll of vulnerability {unknown}
Potions
 j - a potion of cancellation
 s - 2 potions of heal wounds
 w - 2 potions of attraction
 I - a potion of brilliance


   Skills:
 + Level 5.4 Fighting
 * Level 10.4 Short Blades
 + Level 2.2 Throwing
 + Level 4.9 Armour
 + Level 4.7 Dodging
 * Level 9.1 Stealth
 + Level 1.9 Shields
 + Level 0.2 Evocations


You had 9 spell levels left.
You didn't know any spells.
Your spell library contained the following spells:

 Spells                   Type           Power      Damage    Failure   Level
 Animate Skeleton         Necr           0%         N/A       17%         1
 Apportation              Tloc           0%         N/A       17%         1
 Corona                   Hex            0%         N/A       17%         1
 Summon Small Mammal      Summ           0%         N/A       17%         1
 Irradiate                Conj/Tmut      0%         3d13      99%         5
 Blade Hands              Tmut           0%         N/A       100%        6
 Statue Form              Tmut/Erth      0%         N/A       100%        6
 Dragon Form              Tmut           0%         N/A       100%        7


Dungeon Overview and Level Annotations

Branches:
Dungeon (9/15)             Temple (0/1) D:4            Lair (0/6) D:8
    Orc: D:9-12

Altars:
Cheibriados
Dithmenos
Fedhas
Hepliaklqana
Makhleb
Qazlal
Sif Muna
Uskayaw
Xom
Yredelemnul
Zin
Lugonu

Shops:
D:8 *

Annotations:
D:7 2 transporters
D:8 1 transporter
D:9 Gastronok


Innate Abilities, Weirdness & Mutations

You have a pair of antennae on your head.
You regenerate magic rapidly.
When seriously injured, your bleeding wounds create armour. (AC +6)
A meltable shield of frost defends you. (SH +4)


Message History

The yak closely misses you.
You hit the yak but do no damage. You drain the yak.
The yak is severely wounded.
You hit the yak. You drain the yak.
The yak is severely wounded.
The yak barely misses you.
You puncture the yak!
You kill the yak!
The yak barely misses you.
You hit the yak.
The yak is moderately wounded.
The yak completely misses you.
You hit the yak. You drain the yak.
The yak is heavily wounded.
You hit the yak.
The yak is heavily wounded.
Your blood armour dries and flakes away.
You block the yak's attack.
You hit the yak. You drain the yak.
The yak is almost dead.
You puncture the yak!
You kill the yak!
Things that are here:
a yak corpse; a yak corpse; a yak corpse Gastronok the Ponderous comes into view.
Unknown command.
Gastronok waves his eye-stalks in wide circles.
The air twists around and strikes you!!
Your blood congeals into armour.
Gastronok looks at you while chanting.
You feel yourself slow down.
Gastronok waves his eye-stalks in wide circles.
The air twists around and strikes you!!
* * * LOW HITPOINT WARNING * * *
Found a scroll labelled VUVY HIMPYO.
Gastronok misses you.
You hit Gastronok.
Gastronok is lightly wounded.
Gastronok waves his eye-stalks in wide circles.
The air twists around and strikes you!!
You die...

# ### ###...... ##
...########........ .##
......##.......... ..#
#..........#####. ..##
##.......#....#... ..>#
#........##...#... ####
##########....###.._#_..
..............# ########
#...#.@w#.....##.._#_..
................#...#...
.#...#...#.###......#...
..?.......## #...# ###. ######
############ #### ## .....#
#(........# ## ....## #.........#
#. ....##
#........###############.
#....####......>.................


You could see Gastronok.

Vanquished Creatures
  A two-headed ogre (D:9)
  The ghost of AtomicRavioli the Tainter, a novice NaVM (D:8)
  Maurice (D:7)
  Joseph (D:9)
  Maggie (D:8)
  A hornet (D:9)
  A wyvern (D:8)
  10 yaks
  A basilisk (D:8)
  An acid dragon (D:8)
  4 water moccasins
  4 sky beasts
  A small abomination (D:8)
  An orc warrior (D:8)
  3 black bears
  An ice beast (D:6)
  4 necrophages
  2 ogres
  A centaur (D:9)
  A kobold brigand (D:7)
  4 scorpions
  3 bullfrogs (D:9)
  A wyvern zombie (D:7)
  A water moccasin skeleton (D:5)
  4 wights
  A howler monkey (D:7)
  A bullfrog zombie (D:7)
  An electric eel (D:7)
  4 centaur zombies
  A jelly (D:5)
  A bullfrog skeleton (D:5)
  4 hounds
  3 orc priests
  5 iguanas
  A killer bee zombie (D:6)
  A hound zombie (D:5)
  A mummy (D:7)
  12 adders
  A howler monkey skeleton (D:4)
  2 white imps
  A dart slug (D:1)
  4 worms
  20 orcs
  4 bats
  9 endoplasms
  6 giant cockroaches
  9 goblins
  9 hobgoblins
  8 jackals
  6 quokkas
  8 ball pythons
  4 frilled lizards
  17 kobolds
  9 rats
207 creatures vanquished.

Vanquished Creatures (others)
  A small abomination (D:8)
  10 plants (D:8)
  2 withered plants (D:7)
13 creatures vanquished.

Grand Total: 220 creatures vanquished

Notes
Turn   | Place    | Note
-------+----------+-------------------------------------------
     0 | D:1      | Snicker the Demonspawn Brigand began the quest for the Orb.
     0 | D:1      | Reached XP level 1. HP: 16/16 MP: 1/1
   123 | D:1      | Reached skill level 2 in Short Blades
   123 | D:1      | Gained mutation: You regenerate magic rapidly. [demonic
                  | ancestry]
   123 | D:1      | Reached XP level 2. HP: 20/22 MP: 2/2
   391 | D:1      | Reached skill level 1 in Dodging
   592 | D:1      | Found a faded altar of an unknown god.
   839 | D:2      | Gained mutation: When seriously injured, your bleeding
                  | wounds create armour. (AC +6) [demonic ancestry]
   839 | D:2      | Reached XP level 3. HP: 19/27 MP: 3/3
  1670 | D:2      | Reached XP level 4. HP: 33/33 MP: 4/4
  1673 | D:2      | Found a blossoming altar of Fedhas.
  2158 | D:3      | Found a burning altar of Makhleb.
  2308 | D:3      | Reached skill level 5 in Stealth
  2338 | D:3      | Reached XP level 5. HP: 31/38 MP: 5/5
  3001 | D:4      | Reached skill level 3 in Short Blades
  3059 | D:4      | Gained mutation: You have a pair of small antennae on your
                  | head. [demonic ancestry]
  3059 | D:4      | Reached XP level 6. HP: 38/44 MP: 6/6
  3303 | D:4      | Reached skill level 4 in Short Blades
  3493 | D:4      | Noticed a +0 dagger
  3507 | D:4      | Noticed a +0 hand axe
  3544 | D:4      | Found a hide-covered altar of Uskayaw.
  3963 | D:4      | Gained mutation: You have a pair of antennae on your head.
                  | [demonic ancestry]
  3963 | D:4      | Reached XP level 7. HP: 41/51 MP: 7/7
  4069 | D:4      | Reached skill level 1 in Armour
  4181 | D:4      | Found a staircase to the Ecumenical Temple.
  4205 | D:4      | Reached skill level 5 in Short Blades
  4526 | D:5      | Entered Level 5 of the Dungeon
  4942 | D:5      | Gained mutation: A meltable shield of frost defends you.
                  | (SH +4) [demonic ancestry]
  4942 | D:5      | Reached XP level 8. HP: 40/57 MP: 8/8
  4949 | D:5      | Reached skill level 6 in Short Blades
  5233 | D:5      | Found a sparkling altar of Nemelex Xobeh.
  5235 | D:5      | Found a shimmering altar of Xom.
  5235 | D:5      | Found a shimmering blue altar of Sif Muna.
  5249 | D:5      | Found a shimmering altar of Xom.
  5249 | D:5      | Found a stormy altar of Qazlal.
  5249 | D:5      | Found a shimmering blue altar of Sif Muna.
  5561 | D:6      | Reached skill level 7 in Short Blades
  6222 | D:6      | Found a hazy altar of Hepliaklqana.
  6223 | D:6      | Found a shadowy altar of Dithmenos.
  6564 | D:7      | Reached XP level 9. HP: 37/64 MP: 9/9
  6831 | D:7      | Reached skill level 8 in Short Blades
  6863 | D:7      | Reached skill level 1 in Shields
  7551 | D:7      | Found a corrupted altar of Lugonu.
  7553 | D:7      | Noticed a brown ugly thing
  7661 | D:7      | Found a transporter.
  7661 | D:7      | Found a transporter.
  7661 | D:7      | Noticed a red ugly thing
  7662 | D:7      | Noticed an ancient zyme
  7813 | D:8      | Noticed Maurice
  7814 | D:8      | Found Dafetah's Assorted Antiques.
  7857 | D:7      | Killed Maurice
  7858 | D:7      | Reached skill level 9 in Short Blades
  8028 | D:8      | Identified the +7 falchion of Certain Death {holy, rCorr
                  | Stlth+}
  8037 | D:8      | Found a transporter.
  8175 | D:8      | Noticed an orange demon
  8196 | D:8      | Noticed Maggie
  8200 | D:8      | Found a transporter.
  8203 | D:8      | Killed Maggie
  8206 | D:8      | Noticed AtomicRavioli's ghost (novice NaVM)
  8300 | D:8      | Killed AtomicRavioli's ghost
  8301 | D:8      | Reached XP level 10. HP: 36/73 MP: 10/10
  8748 | D:8      | Found a staircase to the Lair.
  9272 | D:9      | Noticed a two-headed ogre
  9290 | D:9      | Killed a two-headed ogre
  9291 | D:9      | Reached skill level 5 in Fighting
  9291 | D:9      | Reached skill level 10 in Short Blades
  9591 | D:9      | Noticed Joseph
  9624 | D:9      | Killed Joseph
  9742 | D:9      | Found a snail-covered altar of Cheibriados.
  9902 | D:9      | Found a stormy altar of Qazlal.
  9902 | D:9      | Found a shimmering blue altar of Sif Muna.
  9903 | D:9      | Found a basalt altar of Yredelemnul.
 10149 | D:9      | Noticed Gastronok
 10158 | D:9      | Killed from afar by Gastronok

Illustrated notes

Levels and vault maps discovered:
D:1:      minmay_arrival_shattered_statue, layout_basic,
          hellmonk_ecumenical_altar_arch_garden
D:2:      minmay_angry_zag, layout_loops_corners, basic_altar
D:3:      layout_loops_cross, lightli_temple_of_fire, chequers_garden,
          corexii_shack, minmay_increasing_density
D:4:      minmay_inner_zag, layout_basic, dancing_weapons_uskayaw,
          minmay_temple_entry_proselytizer, grunt_ministairs_10
D:5:      black_bear_nest_1, layout_rooms, doesnt_xom_only_xom
D:6:      layout_rooms, riverfiend_overflow_shadow_ancestor,
          nicolae_ossuary_entry_monument
D:7:      gammafunk_corrupted_shrine, layout_basic, serial_undead,
          serial_undead_f, serial_undead_f, serial_undead_c, serial_undead_d,
          serial_undead_b, serial_undead_f
D:8:      minmay_bubble_buster, layout_rooms, minmay_lair_entry_grove,
          gammafunk_ghost_abyssal_escape, serial_shops, shop,
          corexii_leaking_fountain, lightli_minifort, uniq_maurice, uniq_erica,
          uniq_maggie
D:9:      layout_cave_pods, nicolae_overflow_crystal_walls,
          nicolae_overflow_quartered_altars, lemuel_coloured_pillars_altar,
          uniq_gastronok, uniq_joseph

Skill      XL: |  1  2  3  4  5  6  7  8  9 10 |
---------------+-------------------------------+-----
Short Blades   | 2 3 4 5 7 9 10 | 10.4
Stealth        | 4 5 6 7 9 |  9.1
Dodging        | 1 2 3 4 |  4.7
Armour         | 2 3 4 |  4.9
Fighting       | 3 4 5 |  5.4
Shields        | 1 |  1.9
Throwing       | 2 |  2.2
Evocations     | |  0.2

Action                   |  1- 3 |  4- 6 |  7- 9 | 10-12 || total
-------------------------+-------+-------+-------+-------++-------
Melee: Dagger            |   112 |    28 |       |       ||   140
       Short sword       |       |   145 |   605 |   220 ||   970
Throw: Dart              |     3 |     2 |     3 |     3 ||    11
Evoke: Wand              |       |       |     2 |       ||     2
  Use: Scroll            |       |       |     1 |     1 ||     2
       Potion            |       |       |    11 |     1 ||    12
 Stab: Sleeping          |    14 |    14 |     3 |     4 ||    35
       Distracted        |       |     1 |       |       ||     1
       Paralysed         |       |       |     2 |       ||     2
Armor: Robe              |    23 |    10 |       |       ||    33
       Scale mail        |       |    50 |   248 |       ||   298
       Acid dragon scale |       |       |    14 |    28 ||    42
Dodge: Dodged            |    55 |    77 |   202 |    69 ||   403
Block: Other             |       |       |    57 |    18 ||    75

Table legend: (Time is in decaauts)
 A = Elapsed time spent in this place.
 B = Non-inter-level travel time spent in this place.
 C = Inter-level travel time spent in this place.
 D = Time resting spent in this place.
 E = Time spent auto-exploring this place.
 F = Levels seen in this place.
 G = Mean time per level.
                   A        B        C        D        E       F      G
               +--------+--------+--------+--------+--------+-----+--------+
         Total |   9883 |   9696 |    187 |    825 |   6692 |   9 | 1098.1 |
       Dungeon |   9883 |   9696 |    187 |    825 |   6692 |   9 | 1098.1 |
               +--------+--------+--------+--------+--------+-----+--------+

Top non-repeatable levels by time:
     D:4: 1525 daAuts
     D:7: 1481 daAuts
     D:2: 1252 daAuts
     D:9: 1239 daAuts
     D:3: 1039 daAuts
     D:5: 925 daAuts
     D:6: 908 daAuts
     D:8: 834 daAuts
     D:1: 677 daAuts
